 Dungeon Crawl Stone Soup version 0.24.0-13-gcf9b3192b9 (webtiles) character file.

Game seed: 14998074843650856415, levelgen mode: deterministic

224 Kilais the Grave Robber (level 5, 0/35 HPs)
             Began as a Vampire Necromancer on Nov 6, 2019.
             Succumbed to a worker ant's poison
             ... on level 4 of the Dungeon.
             The game lasted 00:33:23 (3241 turns).

Kilais the Grave Robber (Vampire Necromancer)       Turns: 3241, Time: 00:33:24

Health: 0/35       AC:  2    Str:  7    XL:     5   Next: 67%
Magic:  2/10       EV: 13    Int: 19    God:
Gold:   221        SH:  0    Dex: 14    Spells: 10/11 levels left

rFire    . . .     SeeInvis +   c - +0 dagger
rCold    . . .     Gourm    .   (no shield)
rNeg     . . .     Faith    .   a - +0 robe
rPois    .         Spirit   .   (no helmet)
rElec    .         Reflect  .   (no cloak)
rCorr    .         Harm     .   (no gloves)
MR       .....                  (no boots)
Stlth    ++........             (no amulet)
HPRegen  0.31/turn              (no ring)
MPRegen  0.12/turn              (no ring)

@: lethally poisoned (0 -> -3), regenerating quickly
A: no food, fangs 3, see invisible, unbreathing
a: Exsanguinate


You were on level 4 of the Dungeon.
You were alive.

You visited 1 branch of the dungeon, and saw 4 of its levels.

You collected 221 gold pieces.

Inventory:

Hand Weapons
 c - a +0 dagger (weapon)
Armour
 a - a +0 robe (worn)
Wands
 j - a wand of enslavement (10)
Scrolls
 g - a scroll of enchant weapon {unknown}
 h - a scroll of remove curse
Potions
 b - a potion of curing
 d - a potion of brilliance {unknown}
 e - a potion of might
 f - a potion of heal wounds {unknown}
 k - 2 potions of mutation {unknown}


   Skills:
 + Level 0.1 Fighting
 + Level 1.3 Short Blades
 + Level 2.3 Dodging
 + Level 3.6 Stealth
 * Level 3.9 Spellcasting
 * Level 5.9 Necromancy


You had 10 spell levels left.
You knew the following spells:

 Your Spells              Type           Power        Failure   Level  Hunger
a - Pain                  Necr           ####         1%          1    N/A

Your spell library contained the following spells:

 Spells                   Type           Power        Failure   Level  Hunger
 Animate Skeleton         Necr           N/A          1%          1    N/A
 Vampiric Draining        Necr           ####......   3%          3    N/A
 Regeneration             Chrm/Necr      ###.......   12%         3    N/A
 Animate Dead             Necr           N/A          12%         4    N/A

Dungeon Overview and Level Annotations

Branches:
Dungeon (4/15)
 Temple: D:4-7

Altars:
Qazlal
Sif Muna
Uskayaw


Innate Abilities, Weirdness & Mutations

You do not eat.
Your natural rate of healing is unusually fast.
You have razor-sharp teeth.
You have supernaturally acute eyesight. (SInv)
You can survive without breathing.


Message History

* * * LOW HITPOINT WARNING * * *
You feel sick.
The worker ant bites you but does no damage.
The worker ant bites you.
* * * LOW HITPOINT WARNING * * *
* * * LOW HITPOINT WARNING * * *
You feel sick.
* * * LOW HITPOINT WARNING * * *
You feel sick.
The worker ant waves its antennae.
* * * LOW HITPOINT WARNING * * *
You feel sick.
Casting: Pain (safe; 1% risk of failure)
Confirm with . or Enter, or press ? or * to list all spells.
Aiming: Pain (safe; 1% risk of failure)
Press: ? - help, Shift-Dir - straight line, f/p - worker ant
Aim: a worker ant (almost dead, chance to defeat MR: 89%)
The worker ant writhes in agony!
You kill the worker ant!
You die...

### #. ..# #.#
#.# #.### #.#
#... #.# #..#
#@# #..# #†#
#..####
#.#######.....#
#......%[..##.#
#..##########.#
#..##.?.... #<#
#.......... ###
#<..#.#####
#..## ..


There were no monsters in sight!

Vanquished Creatures
  An orc priest (D:3)
  2 worker ants (D:4)
  2 adders (D:2)
  3 gnolls (D:3)
  An ooze (D:1)
  A worm (D:3)
  5 dart slugs
  2 leopard geckos
  5 orcs (D:3)
  A giant cockroach (D:2)
  5 goblins
  12 hobgoblins
  4 jackals (D:2)
  4 quokkas
  6 bats
  11 frilled lizards
  9 kobolds
  5 rats
79 creatures vanquished.

Notes
Turn   | Place    | Note
-------+----------+-------------------------------------------
     0 | D:1      | Kilais the Vampire Necromancer began the quest for the Orb.
     0 | D:1      | Reached XP level 1. HP: 13/13 MP: 3/3
   297 | D:1      | Reached XP level 2. HP: 17/19 MP: 1/5
   823 | D:1      | Reached skill level 5 in Necromancy
   824 | D:1      | Reached XP level 3. HP: 22/24 MP: 2/6
  1657 | D:2      | Reached XP level 4. HP: 20/30 MP: 6/8
  2362 | D:3      | Found a stormy altar of Qazlal.
  2362 | D:3      | Found a hide-covered altar of Uskayaw.
  2712 | D:3      | Reached XP level 5. HP: 34/35 MP: 6/10
  2836 | D:3      | Found a shimmering blue altar of Sif Muna.
  3227 | D:4      | Reached skill level 1 in Short Blades
  3239 | D:4      | HP: 1/35 [poisoned by a worker ant]
  3241 | D:4      | Succumbed to a worker ant's poison

Levels and vault maps discovered:
D:1:      roderic_octagonal_star, layout_basic, chequers_serial_rivers_small_b
D:2:      layout_loops_ring
D:3:      cheibrodos_pilgrimage, layout_loops_ring,
          lemuel_coloured_pillars_altar, gammafunk_temple_overflow_wave
D:4:      layout_basic, serial_undead, serial_undead_b, serial_undead_b,
          serial_undead_f, serial_undead_d, lemuel_old_faithful

Skill      XL: |  1  2  3  4  5 |
---------------+----------------+-----
Necromancy     | 5 |  5.9
Spellcasting   | 3 |  3.9
Short Blades   | 1 |  1.3
Fighting       | |  0.1
Dodging        | |  2.3
Stealth        | |  3.6

Action                   |  1- 3 |  4- 6 || total
-------------------------+-------+-------++-------
Melee: Unarmed           |    12 |       ||    12
       Dagger            |    37 |    39 ||    76
       Bite              |     3 |     4 ||     7
 Cast: Pain              |    72 |    55 ||   127
  Use: Scroll            |     2 |     3 ||     5
 Stab: Sleeping          |     2 |     5 ||     7
       Distracted        |       |     2 ||     2
Armor: Robe              |     6 |    10 ||    16
Dodge: Dodged            |    40 |    39 ||    79
